 Dungeon Crawl Stone Soup version 0.15.2 (webtiles) character file.

179 Gartch the Ruinous (level 5, 0/28 HPs)
             Began as a Deep Elf Conjurer on Jan 11, 2015.
             Succumbed to a water moccasin's poison
             ... on Level 3 of the Dungeon.
             The game lasted 00:41:27 (2760 turns).

Gartch the Ruinous (Deep Elf Conjurer)              Turns: 2760, Time: 00:41:27

HP   0/28        AC  2     Str  6      XL: 5   Next: 32%
MP  11/16        EV 13     Int 20      God:
Gold 161         SH  0     Dex 15      Spells:  1 memorised,  9 levels left

rFire  . . .     SeeInvis .     s - +0 short sword
rCold  . . .     Clarity  .     a - +0 robe
rNeg   . . .     rCorr    .     (no shield)
rPois  .         rRot     .     (no helmet)
rElec  .         Spirit   .     (no cloak)
SustAb .         Warding  .     (no gloves)
rMut   .         Stasis   .     (no boots)
Gourm  .                        (no amulet)
MR     .....                    (no ring)
                                (no ring)

@: lethally poisoned, not resistant to hostile enchantments, unstealthy
A: no striking features
a: no special abilities


You were on level 3 of the Dungeon.
You were not hungry.

You visited 1 branch of the dungeon, and saw 3 of its levels.

You collected 161 gold pieces.

Inventory:

Hand weapons
 h - a +0 dagger
 k - a +0 hunting sling
 s - a +0 short sword (weapon)
 y - a +0 dagger
Missiles
 e - 31 poisoned needles
 g - 14 bolts
 t - 13 stones (quivered)
Armour
 a - a +0 robe (worn)
 u - a +0 robe
 B - a +0 robe
Comestibles
 b - 4 bread rations
 p - a slice of pizza
 C - a meat ration
Scrolls
 d - 2 scrolls of teleportation {unknown}
 f - 2 scrolls of recharging {unknown}
 i - a scroll of blinking {unknown}
 m - a scroll of fear {unknown}
 n - 2 scrolls of enchant weapon {unknown}
 o - 4 scrolls of identify {unknown}
 v - a scroll of amnesia {unknown}
 w - a scroll of noise {unknown}
 x - a scroll of remove curse {unknown}
Jewellery
 r - an uncursed ring of fire {unknown}
Potions
 j - a potion of curing {unknown}
 l - a potion of heal wounds {unknown}
 q - 2 potions of restore abilities {unknown}
 z - a potion of lignification {unknown}
 A - a potion of flight {unknown}
 D - a potion of resistance {unknown}
Books
 c - a book of Conjurations

   Spells                             Type                      Level
   *Magic Dart                        Conjuration                  1
   Searing Ray                        Conjuration                  2
   Dazzling Spray                     Conjuration/Hexes            3
   Fulminant Prism                    Conjuration/Hexes            4
   Iskenderun's Mystic Blast          Conjuration                  4
   Iskenderun's Battlesphere          Conjuration/Charms           5


   Skills:
 - Level 2.5 Dodging
 - Level 2.4 Stealth
 - Level 3.0 Spellcasting
 * Level 7.3 Conjurations


You had 9 spell levels left.
You knew the following spells:

 Your Spells              Type           Power        Failure   Level  Hunger
a - Magic Dart            Conj           ####         1%          1    None


Dungeon Overview and Level Annotations

Branches:
Dungeon (3/15)

Altars:
Elyvilon
Trog

Annotations:
D:2 Terence


Message History

The water moccasin is heavily wounded.
The water moccasin misses you.
Casting: Magic Dart
Confirm with . or Enter, or press ? or * to list all spells.
Aiming: Magic Dart
Press: ? - help, Shift-Dir - straight line, f/p - water moccasin
Aim: a water moccasin (heavily wounded)
The magic dart hits the water moccasin.
The water moccasin is severely wounded.
The water moccasin misses you. The water moccasin bites you!
* * * LOW HITPOINT WARNING * * *
The water moccasin bites you!
* * * LOW HITPOINT WARNING * * *
The water moccasin misses you. The water moccasin misses you.
The water moccasin bites you.
* * * LOW HITPOINT WARNING * * *
You are lethally poisoned!
The water moccasin poisons you!
You die...

### #########
######.####.......#
##...........#####.#
###...###.##.#.# #.#
#...........#S.# #.#
#####.#.....#..#.#.# #.#
......##..(.#..#@#.#####.#
##.####........#.#.......#
#....)...#.#.#####.....#
.# #......#>#.##.##
..##..# ##
##....###..##..#.#.# .#
.## #..)..#.#<##.#.......
.. ..#
#...[...%.##.####..... #
.#.# #.#.########.# #.##..
.#.# #.#.# #<# #....##


You could see a water moccasin.

Vanquished Creatures
  An orc wizard (D:3)
  6 adders
  2 gnolls (D:2)
  A giant mite (D:1)
  2 worms (D:3)
  A giant gecko (D:3)
  An ooze (D:2)
  2 orcs (D:3)
  A ball python (D:1)
  4 bats
  9 goblins
  6 hobgoblins
  2 jackals (D:1)
  A quokka (D:2)
  6 giant cockroaches
  2 giant newts (D:1)
  8 kobolds
  8 rats
63 creatures vanquished.

Notes
Turn   | Place    | Note
--------------------------------------------------------------
     0 | D:1      | Gartch, the Deep Elf Conjurer, began the quest for the Orb.
     0 | D:1      | Reached XP level 1. HP: 10/10 MP: 5/5
   308 | D:1      | Reached XP level 2. HP: 15/15 MP: 4/8
   444 | D:1      | Reached skill level 5 in Conjurations
   762 | D:2      | Reached XP level 3. HP: 19/19 MP: 5/10
   964 | D:2      | Reached skill level 6 in Conjurations
  1006 | D:2      | Reached XP level 4. HP: 24/24 MP: 7/13
  1078 | D:2      | Noticed Terence
  1901 | D:3      | Found a white marble altar of Elyvilon.
  2171 | D:3      | Reached skill level 7 in Conjurations
  2171 | D:3      | Reached XP level 5. HP: 28/28 MP: 12/16
  2215 | D:3      | Noticed a moth of wrath
  2219 | D:3      | Found a bloodstained altar of Trog.
  2276 | D:3      | HP: 1/28 [worm (13)]
  2743 | D:3      | Noticed a water moccasin
  2752 | D:3      | HP: 1/28 [water moccasin (7)]
  2759 | D:3      | HP: 1/28 [water moccasin (1)]
  2760 | D:3      | Succumbed to a water moccasin's poison

Action                   |  1- 3 |  4- 6 || total
-------------------------+-------+-------++-------
 Cast: Magic Dart        |    57 |    96 ||   153
  Eat: Meat ration       |       |     1 ||     1
